 Dungeon Crawl Stone Soup version 0.19-a0-1626-g5215c36 (webtiles) character file.

27 Amciq the Chopper (level 3, 0/33 HPs)
             Began as a Hill Orc Monk on Sept 18, 2016.
             Succumbed to an adder's poison
             ... on level 2 of the Dungeon.
             The game lasted 00:02:45 (394 turns).

Amciq the Chopper (Hill Orc Monk)                    Turns: 394, Time: 00:02:46

Health: 0/33       AC:  4    Str: 13    XL:     3   Next: 10%
Magic:  3/3        EV: 13    Int: 10    God:
Gold:   53         SH:  0    Dex: 14    Spells: 0 memorised, 2 levels left

rFire  . . .     SeeInvis .     a - +0 hand axe
rCold  . . .     Gourm    .     b - +1 robe
rNeg   . . .     Faith    .     (no shield)
rPois  .         Spirit   .     (no helmet)
rElec  .         Dismiss  .     l - +0 cloak
rCorr  .         Reflect  .     (no gloves)
MR     .....     Harm     .     (no boots)
Stlth  ++........               (no amulet)
                                (no ring)
                                e - ring of flight

@: lethally poisoned (0 -> -4), about to teleport
A: no striking features
a: Evoke Flight


You were on level 2 of the Dungeon.
You were not hungry.

You visited 1 branch of the dungeon, and saw 2 of its levels.

You collected 53 gold pieces.

Inventory:

Hand Weapons
 a - a +0 hand axe (weapon)
Armour
 b - a +1 robe (worn)
 l - a +0 cloak (worn)
Jewellery
 e - a ring of flight (left hand)
Scrolls
 f - a scroll of immolation
 i - a scroll of teleportation
Comestibles
 c - a bread ration
 h - a chunk of flesh
 k - a meat ration


   Skills:
 + Level 4.2 Fighting
 + Level 4.2 Axes
 + Level 1.0 Armour
 + Level 2.6 Dodging
 + Level 1.7 Stealth


You had 2 spell levels left.
You didn't know any spells.

Dungeon Overview and Level Annotations

Branches:
Dungeon (2/15)

Altars:


Message History

As you read the scroll labeled BICHOAG KARINN, it crumbles to dust.
You feel blessed for a moment.
It was a scroll of remove curse.
* * * LOW HITPOINT WARNING * * *
You feel sick. The goblin closely misses you.
The hobgoblin hits you but does no damage.
The dart slug barely misses you. The giant cockroach misses you.
As you read the scroll labeled PUGOOGEFEI, it crumbles to dust.
It is a scroll of enchant armour.
Your +0 robe glows green for a moment.
The goblin barely misses you. The hobgoblin hits you with a club.
* * * LOW HITPOINT WARNING * * *
The giant cockroach barely misses you.
The dart slug bites you but does no damage.
As you read the scroll labeled EME RAEHIORAU, it crumbles to dust.
You feel strangely unstable.
It was a scroll of teleportation.
The goblin misses you.
The giant cockroach bites you but does no damage.
The hobgoblin hits you but does no damage.
There is a lethal amount of poison in your body!
You die...

#...#.?.# #
#†......######### #
###.......#.......# #
######.>......##)......# #
#......#....####.......###
......))#....# #........).
........#.S#.# #........##
........#wg#.####..(.......
.........g@#..........##...
#..."....s#########...##...
#.......... #...##...
#......... #.####...
....?.# #.####(.. ......
#..)....# ...... #######.#
...... #.# #.#


You could see an adder, a dart slug, a giant cockroach, a hobgoblin and a
goblin.

Vanquished Creatures
  3 dart slugs (D:1)
  A leopard gecko (D:2)
  3 goblins (D:2)
  2 hobgoblins (D:2)
  3 bats
  2 frilled lizards (D:1)
  2 kobolds (D:1)
  5 rats
21 creatures vanquished.

Vanquished Creatures (others)
  A kobold (D:1)
  A rat (D:1)
2 creatures vanquished.

Grand Total: 23 creatures vanquished

Notes
Turn   | Place    | Note
-------+----------+-------------------------------------------
     0 | D:1      | Amciq the Hill Orc Monk began the quest for the Orb.
     0 | D:1      | Reached XP level 1. HP: 19/19 MP: 1/1
    72 | D:1      | Reached XP level 2. HP: 24/27 MP: 2/2
   247 | D:1      | You fall through a shaft!
   279 | D:2      | Reached skill level 1 in Armour
   359 | D:2      | Reached XP level 3. HP: 30/33 MP: 3/3
   392 | D:2      | HP: 1/33 [hobgoblin/club (2)]
   394 | D:2      | Succumbed to an adder's poison

Vault maps used:
D:1:      saegor_arrival_miasma, minmay_misc_feat_room, minmay_tree_intersection

Skill      XL: |  1  2 |
---------------+-------+-----
Fighting       | 4 |  4.2
Armour         | 1 |  1.0
Axes           | |  4.2
Dodging        | |  2.6
Stealth        | |  1.7

Action                   || total
-------------------------++-------
Melee: Hand axe          ||    59
  Use: Scroll            ||     4
 Stab: Sleeping          ||     3
Armor: Robe              ||    18
Dodge: Dodged            ||    55
